 Dungeon Crawl Stone Soup version 0.29.1-13-g9f3cf754e1 (webtiles) character file.

Game seed: 9169543390919615905

14056 protoss039 the Fighter (level 11, -4/89 HPs)
             Began as a Demonspawn Earth Elementalist on Feb 11, 2023.
             Was a Follower of Vehumet.
             Slain by a yak (8 damage)
             ... on level 11 of the Dungeon.
             The game lasted 00:28:45 (13142 turns).

protoss039 the Fighter (DsEE)                      Turns: 13142, Time: 00:28:46

Health: -4/89      AC: 12    Str:  4    XL:     11   Next: 83%
Magic:  24/24      EV: 12    Int: 28    God:    Vehumet [*.....]
Gold:   531        SH:  5    Dex: 13    Spells: 19/28 levels left

rFire   + + .      SeeInvis +   F - +11 war axe of Integrity {freeze, rElec rPois Str-5 Int+7}
rCold   + . .      Faith    .   e - +0 buckler
rNeg    . . .      Spirit   .   a - +2 robe {rC+ rF+}
rPois   +          Reflect  .   y - +2 helmet of the Forest {SInv}
rElec   +          Harm     .   G - +0 cloak of Ifepsepa {-Tele rF+ Regen+}
rCorr   .          Rampage  .   (no gloves)
Will    .....      NoTele   +   h - +0 pair of boots
Stlth   ++........              k - amulet of regeneration
HPRegen 1.84/turn               u - ring of wizardry
MPRegen 0.19/turn               (no ring)

@: no status effects
A: hooves 2, icy blue scales 2, spiny 1, demonic magic 2
a: Renounce Religion


You were on level 11 of the Dungeon.
You worshipped Vehumet.
Vehumet was aware of your devotion.
You visited 2 branches of the dungeon, and saw 13 of its levels.

You collected 603 gold pieces.
You spent 72 gold pieces at shops.

Inventory:

Hand Weapons
 D - a +1 hand axe of venom
 F - the +11 war axe of Integrity (weapon) {freeze, rElec rPois Str-5 Int+7}
   (You found it on level 5 of the Dungeon)

   It freezes those it strikes, dealing additional cold damage.
   It can also slow down cold-blooded creatures.
   Str:       It affects your strength (-5).
   Int:       It affects your intelligence (+7).
   rElec:     It insulates you from electricity.
   rPois:     It protects you from poison.
 L - the +7 Singing Sword {vorpal, sonic wave}
   (You found it on level 6 of the Dungeon)

   It inflicts extra damage upon your enemies.
   It radiates damaging sonic waves as it strikes, especially in combat
   involving dangerous or numerous foes.
 N - the +6 spear of Cataclysm {venom, *Corrode rC+ Will+ Int+5}
   (You found it on level 8 of the Dungeon)

   It poisons the flesh of those it strikes.
   Int:       It affects your intelligence (+5).
   rC:        It protects you from cold.
   *Corrode:  It may corrode you when you take damage.
   Will:      It increases your willpower.
Armour
 a - a +2 robe of resistance (worn)
 e - a +0 buckler (worn)
 h - a +0 pair of boots (worn)
 q - a +0 cloak
 y - the +2 helmet of the Forest (worn) {SInv}
   (You took it off Robin on level 3 of the Dungeon)

   SInv:      It lets you see invisible.
 G - the +0 cloak of Ifepsepa (worn) {-Tele rF+ Regen+}
   (You found it on level 5 of the Dungeon)

   rF:        It protects you from fire.
   -Tele:     It prevents most forms of teleportation.
   Regen:     It increases your rate of health regeneration.
Jewellery
 k - an amulet of regeneration (around neck)
 u - a ring of wizardry (left hand)
 v - an amulet of the acrobat
Wands
 I - a wand of mindburst (7)
 J - a wand of charming (4)
 M - a wand of flame (18)
Scrolls
 c - 2 scrolls of immolation
 d - 2 scrolls of blinking
 f - 3 scrolls of identify {unknown}
 g - 3 scrolls of torment
 i - 8 scrolls of teleportation
 j - a scroll of brand weapon {unknown}
 l - 2 scrolls of summoning {unknown}
 m - 2 scrolls of enchant armour
 o - 2 scrolls of poison {unknown}
 p - 3 scrolls of fog {unknown}
 r - 2 scrolls of fear {unknown}
 s - a scroll of enchant weapon {unknown}
 w - 2 scrolls of magic mapping {unknown}
 B - a scroll of acquirement {unknown}
 E - 2 scrolls of amnesia {unknown}
Potions
 b - 2 potions of magic
 n - 4 potions of curing {unknown}
 t - 2 potions of mutation {unknown}
 x - 5 potions of heal wounds
 z - 3 potions of brilliance {unknown}
 A - 4 potions of might {unknown}
 C - a potion of degeneration {unknown}
 H - 2 potions of lignification {unknown}
 O - 2 potions of haste {unknown}


   Skills:
 * Level 9.5 Fighting
 - Level 3.0 Dodging
 - Level 3.0 Stealth
 + Level 5.1 Shields
 * Level 9.2 Spellcasting
 + Level 7.8 Conjurations
 - Level 1.0 Transmutations
 - Level 3.0 Air Magic
 + Level 8.2 Earth Magic


You had 19 spell levels left.
You knew the following spells:

 Your Spells              Type           Power      Damage    Failure   Level
a - Sandblast             Erth           100%       2d20      1%          1
b - Passwall              Tmut/Erth      31%        N/A       1%          2
c - Stone Arrow           Conj/Erth      100%       3d13      1%          3
d - Swiftness             Air            29%        N/A       1%          3

Your spell library contained the following spells:

 Spells                   Type           Power      Damage    Failure   Level
 Shock                    Conj/Air       100%       1d9       1%          1
 Beastly Appendage        Tmut           36%        N/A       1%          1
 Wereblood                Tmut           18%        N/A       2%          2
 Ensorcelled Hibernation  Hex/Ice        24%        N/A       3%          2
 Petrify                  Tmut/Erth      38%        N/A       3%          4
 Spider Form              Tmut/Pois      15%        N/A       6%          3
 Tukima's Dance           Hex            12%        N/A       7%          3
 Passage of Golubria      Tloc           12%        N/A       22%         4
 Summon Ice Beast         Ice/Summ       12%        N/A       22%         4
 Yara's Violent Unravell  Hex/Tmut       7%         3d5       43%         5
 Summon Mana Viper        Hex/Summ       12%        N/A       50%         5
 Monstrous Menagerie      Summ           6%         N/A       100%        7


Dungeon Overview and Level Annotations

Branches:
Dungeon (12/15) Zot: 26985  Temple (1/1) D:7 Zot: 5753    Lair (0/5) D:10
    Orc (0/2) D:9

Altars:
Ashenzari
Cheibriados
Dithmenos
Fedhas
Gozag
Hepliaklqana
Kikubaaqudgha
Makhleb
Nemelex Xobeh
Okawaru
Qazlal
Ru
Sif Muna
Trog
Uskayaw
Vehumet
Wu Jian
Xom
Yredelemnul

Shops:
D:4 *

Annotations:
D:3 2 transporters, clease's ghost, amateur DgFi


Innate Abilities, Weirdness & Mutations

You have hoof-like feet.
You are mostly covered in icy blue scales. (AC +3)
You are partially covered in sharp spines.
Spells you cast may paralyse nearby enemies.


Message History

The vampire mosquito bites you.
The vampire mosquito draws strength from your injuries!
A six-headed hydra comes into view.
Unknown command.
Unknown command.
Unknown command.
Unknown command.
Okay, then.
The six-headed hydra roars!
The vampire mosquito completely misses you.
The vampire mosquito is struck by your spines.
The vampire mosquito bites you!
The vampire mosquito draws strength from your injuries!
You block the vampire mosquito's attack.
You block the yak's attack. The yak gores you!
The yak is struck by your spines. The yak gores you!
* * * LOW HITPOINT WARNING * * *
The yak gores you!
* * * LOW HITPOINT WARNING * * *
The vampire mosquito is struck by your spines.
The vampire mosquito bites you but does no damage. x2
The vampire mosquito bites you.
* * * LOW HITPOINT WARNING * * *
The vampire mosquito draws strength from your injuries!
You climb upwards.
There is a stone staircase leading down here.
You cannot blink because you are wearing the +0 cloak of Ifepsepa {-Tele rF+ Regen+}.
You hit the yak. You freeze the yak.
The yak is heavily wounded.
You slash the yak! You freeze the yak. You slash the vampire mosquito!
You freeze the vampire mosquito. You hit the yak. You freeze the yak.
The vampire mosquito barely misses you.
The vampire mosquito bites you but does no damage.
The yak closely misses you. The yak gores you but does no damage.
The yak gores you!
* * * LOW HITPOINT WARNING * * *
The vampire mosquito closely misses you.
The yak is struck by your spines. The yak gores you but does no damage.
The yak gores you!
You die...

#...).........# ##.....
#)###########.# #####..####
#.# #.# #.....## #)# #.#
#.##### #.# #.####.# #.#
#.##...# #.# ###....###
#.#########YYy.#############
#........Yy@Yy..............
#############.[........#####
###~~##########.#
#...........#...#
##.~~~~~####.#.###
##~.~.......#.#.#
#≈~.~.~~≈##.#.#.#
##≈^~.....#.#.#.#
##.~~≈≈~.#.#.#.#


You could see 4 yaks and 3 vampire mosquitoes.

Vanquished Creatures
  Erolcha (D:9)
  2 boulder beetles (D:11)
  A centaur warrior (D:10)
  4 two-headed ogres
  Pikel (D:6)
  An unseen horror (D:11)
  Maggie (D:7)
  3 meliai (D:9)
  A troll (D:11)
  Grinder (D:3)
  A wyvern (D:9)
  11 yaks
  3 wraiths
  A vampire mosquito (D:12)
  2 steam dragons
  3 wargs (D:9)
  An acid dragon (D:10)
  2 orc warriors
  4 ice beasts
  An ogre (D:5)
  2 centaurs
  4 lemures (D:6)
  A phantom (D:5)
  A kobold brigand (D:8)
  3 necrophages (D:6)
  7 scorpions
  13 wights
  A killer bee (D:5)
  8 howler monkeys
  5 jellies
  9 hounds
  7 orc priests
  2 iguanas
  2 gnoll boudas (D:6)
  10 orc wizards
  Robin (D:3)
  16 gnolls
  15 adders
  2 shadow imps
  A white imp (D:7)
  2 ufetubi
  4 worms (D:2)
  5 dart slugs
  34 orcs
  11 bats
  10 endoplasms
  7 giant cockroaches
  17 goblins
  7 hobgoblins
  4 jackals (D:5)
  5 quokkas
  8 ball pythons
  2 frilled lizards (D:3)
  14 kobolds
  5 rats
290 creatures vanquished.

Vanquished Creatures (collateral kills)
  An orc warrior (D:7)
  A wight (D:7)
  2 orcs (D:7)
4 creatures vanquished.

Vanquished Creatures (others)
  12 fungi (D:6)
12 creatures vanquished.

Grand Total: 306 creatures vanquished

Notes
Turn   | Place    | Note
-------+----------+-------------------------------------------
     0 | D:1      | protoss039 the Demonspawn Earth Elementalist began the
                  | quest for the Orb.
     0 | D:1      | Reached XP level 1. HP: 13/13 MP: 3/3
   273 | D:1      | Gained mutation: You are partially covered in icy blue
                  | scales. (AC +2) [demonic ancestry]
   273 | D:1      | Reached XP level 2. HP: 4/20 MP: 3/5
   536 | D:1      | Reached skill level 1 in Fighting
   710 | D:1      | Found a faded altar of an unknown god.
  1197 | D:1      | Learned a level 2 spell: Passwall
  1296 | D:2      | Reached XP level 3. HP: 26/26 MP: 3/6
  1675 | D:2      | Gained mutation: You are partially covered in sharp spines.
                  | [demonic ancestry]
  1675 | D:2      | Reached XP level 4. HP: 33/33 MP: 3/8
  2538 | D:2      | Gained mutation: You have large cloven feet. [demonic
                  | ancestry]
  2538 | D:2      | Reached XP level 5. HP: 39/39 MP: 6/9
  2670 | D:2      | Learned a level 3 spell: Stone Arrow
  2683 | D:3      | Found a transporter.
  2683 | D:3      | Noticed clease's ghost (amateur DgFi)
  2683 | D:3      | Identified the +7 dire flail of Tereel {flame, rElec rF-
                  | Str+9 SInv}
  2683 | D:3      | Noticed an ogre
  2684 | D:3      | Found a transporter.
  2708 | D:3      | Reached skill level 1 in Transmutations
  2825 | D:3      | Noticed Grinder
  2830 | D:3      | Killed Grinder
  2831 | D:3      | Reached skill level 1 in Shields
  2831 | D:3      | Reached skill level 1 in Conjurations
  2831 | D:3      | Gained mutation: You are mostly covered in icy blue scales.
                  | (AC +3) [demonic ancestry]
  2831 | D:3      | Reached XP level 6. HP: 47/47 MP: 5/11
  3317 | D:3      | Identified the +2 helmet of the Forest {SInv}
  3317 | D:3      | Noticed Robin
  3337 | D:3      | Killed Robin
  3650 | D:4      | Found Otsulieg's Assorted Antiques.
  3880 | D:4      | Gained mutation: You have hoof-like feet. [demonic
                  | ancestry]
  3880 | D:4      | Reached XP level 7. HP: 52/52 MP: 9/12
  3980 | D:4      | Found a shimmering blue altar of Sif Muna.
  3980 | D:4      | Found a basalt altar of Yredelemnul.
  3987 | D:4      | Found a sparkling altar of Nemelex Xobeh.
  3990 | D:4      | Found a shadowy altar of Dithmenos.
  3992 | D:4      | Found a shimmering altar of Xom.
  4719 | D:4      | Bought a scroll labelled ESUITI JACEDEGAE for 24 gold
                  | pieces
  4719 | D:4      | Bought a scroll labelled WYUVEUWN BEZOQ for 24 gold pieces
  4719 | D:4      | Bought a scroll labelled WYUVEUWN BEZOQ for 24 gold pieces
  4774 | D:5      | Entered Level 5 of the Dungeon
  5689 | D:5      | Noticed a yak
  5702 | D:5      | Killed a yak
  5703 | D:5      | Gained mutation: Spells you cast may paralyse adjacent
                  | enemies. [demonic ancestry]
  5703 | D:5      | Reached XP level 8. HP: 39/60 MP: 5/14
  5794 | D:5      | Identified the +11 war axe of Integrity {freeze, rElec
                  | rPois Str-5 Int+7}
  5799 | D:5      | Identified the +0 cloak of Ifepsepa {-Tele rF+ Regen+}
  5938 | D:5      | Reached skill level 5 in Earth Magic
  6075 | D:5      | Reached skill level 5 in Spellcasting
  6282 | D:6      | Reached skill level 5 in Fighting
  6446 | D:6      | Noticed Pikel
  6455 | D:6      | Killed Pikel
  6456 | D:6      | Reached XP level 9. HP: 68/68 MP: 11/17
  6668 | D:6      | Reached skill level 5 in Conjurations
  6806 | D:6      | You fall into a shaft and drop 3 floors!
  6823 | D:9      | Found a staircase to the Orcish Mines.
  6823 | D:9      | Noticed a meliai
  6823 | D:9      | Noticed a meliai
  7394 | D:7      | Noticed Maggie
  7462 | D:7      | Killed Maggie
  7675 | D:6      | Identified the +6 mace of Mana {freeze, rCorr Int+3}
  7758 | D:6      | Gained mutation: Spells you cast may paralyse nearby
                  | enemies. [demonic ancestry]
  7758 | D:6      | Reached XP level 10. HP: 77/77 MP: 3/19
  8427 | D:6      | Found the +7 Singing Sword {vorpal, sonic wave}
  8501 | D:6      | Learned a level 3 spell: Swiftness
  8664 | D:7      | Found a staircase to the Ecumenical Temple.
  8723 | Temple   | Entered the Ecumenical Temple
  8931 | Temple   | Became a worshipper of Vehumet
  9305 | D:8      | Found an ancient bone altar of Kikubaaqudgha.
  9338 | D:8      | Noticed a two-headed ogre
  9343 | D:8      | Killed a two-headed ogre
  9344 | D:8      | Reached skill level 1 in Air Magic
  9728 | D:8      | Identified the +6 spear of Cataclysm {venom, *Corrode rC+
                  | Will+ Int+5}
 10088 | D:9      | Reached * piety under Vehumet
 10088 | D:9      | Offered knowledge of Shock by Vehumet.
 10286 | D:9      | Noticed a two-headed ogre
 10292 | D:9      | Killed a two-headed ogre
 10410 | D:9      | Noticed Erolcha
 10435 | D:9      | Killed Erolcha
 10436 | D:9      | Reached XP level 11. HP: 86/86 MP: 9/23
 11090 | D:10     | Entered Level 10 of the Dungeon
 11339 | D:10     | Noticed a two-headed ogre
 11344 | D:10     | Killed a two-headed ogre
 11419 | D:10     | Noticed a two-headed ogre
 11424 | D:10     | Killed a two-headed ogre
 11662 | D:10     | Found a staircase to the Lair.
 11767 | D:10     | Found a burning altar of Makhleb.
 11983 | D:10     | Noticed a centaur warrior
 11988 | D:10     | Killed a centaur warrior
 12354 | D:11     | Noticed a boulder beetle
 12381 | D:11     | Killed a boulder beetle
 13014 | D:11     | Noticed a boulder beetle
 13037 | D:11     | Killed a boulder beetle
 13038 | D:11     | Reached skill level 5 in Shields
 13139 | D:12     | Noticed a six-headed hydra
 13142 | D:11     | HP: 4/89 [yak (9)]
 13142 | D:11     | Slain by a yak

Illustrated notes

Levels and vault maps discovered:
D:1:      minmay_arrival_four_circles, layout_loops_ring, basic_ecumenical_altar
D:2:      minmay_angry_zag, layout_loops_cross, minmay_goblin_kobold_house
D:3:      layout_basic, gammafunk_ghost_smash, uniq_robin, uniq_grinder
D:4:      layout_loops_corners, chequers_temple_overflow_minitemple,
          serial_shops, shop_statue
D:5:      kennysheep_windowed_halls, layout_basic,
          chequers_serial_rivers_micro_b, st_stairs_5
D:6:      old_forge, layout_loops_ring, minmay_misc_feat_rows, chequers_garden,
          uniq_pikel
D:7:      layout_rooms, temple_doors_cd, uniq_maggie
D:8:      layout_basic, mainiacjoe_overflow_tiny_flanked
D:9:      layout_long_grid, minmay_orc_entry_guard_dogs, minmay_hedge_maze,
          uniq_erolcha
D:10:     layout_irregular_city, mainiacjoe_overflow_alcove_1, lair_entry_dummy
D:11:     layout_basic, minmay_statues_item
D:12:     layout_cave_pools, serial_column_ruins, column_ruins_grid_1,
          column_ruins_open_large, column_ruins_open_small,
          column_ruins_corridor_straight, column_ruins_open_small_water,
          column_ruins_open_small, serial_shops, shop,
          hangedman_decor_peaks_small, uniq_maurice
Temple:   regret_index_temple_generic_petals

Skill      XL: |  1  2  3  4  5  6  7  8  9 10 11 |
---------------+----------------------------------+-----
Fighting       | 1 2 3 4 5 6 8 9 |  9.5
Earth Magic    | 3 4 5 6 7 8 |  8.2
Spellcasting   | 3 4 5 6 8 9 |  9.2
Transmutations | 1 |  1.0
Dodging        | 2 3 |  3.0
Stealth        | 2 3 |  3.0
Shields        | 1 2 3 4 5 |  5.1
Conjurations   | 1 2 4 6 7 |  7.8
Air Magic      | 2 3 |  3.0

Action                   |  1- 3 |  4- 6 |  7- 9 | 10-12 || total
-------------------------+-------+-------+-------+-------++-------
Melee: Club              |    15 |       |       |       ||    15
       Short sword       |    19 |    25 |       |       ||    44
       Dagger            |       |    21 |    35 |       ||    56
       Kick              |       |     7 |    27 |     3 ||    37
       Hand axe          |       |       |    13 |       ||    13
       War axe           |       |       |    62 |    40 ||   102
       Spear             |       |       |       |    21 ||    21
       Double sword      |       |       |       |     8 ||     8
 Cast: Sandblast         |    51 |    67 |    44 |    20 ||   182
       Stone Arrow       |       |     2 |    57 |    95 ||   154
       Passwall          |       |       |     1 |     1 ||     2
Evoke: Wand              |       |       |     2 |    17 ||    19
  Use: Scroll            |       |     1 |     4 |     3 ||     8
 Stab: Sleeping          |     1 |     1 |     2 |     1 ||     5
       Distracted        |       |       |     1 |       ||     1
       Paralysed         |       |       |     8 |     6 ||    14
Armor: Robe              |    23 |    14 |    26 |    35 ||    98
       Steam dragon scal |       |       |       |     9 ||     9
Dodge: Dodged            |    25 |    31 |    55 |    73 ||   184
Block: Buckler           |    12 |    16 |    24 |    29 ||    81
